 Dungeon Sprint DCSS version 0.29-a0-723-gce39da1c22 (webtiles) character file.

Game seed: 15039715589983359233

1400 manyhoops the Basher (level 9, -7/71 HPs)
             Began as a Formicid Fighter on June 28, 2022.
             Was an Initiate of Okawaru.
             Mangled by a polar bear (24 damage)
             ... in the Dungeon (Sprint II: "The Violet Keep of Menkaure").
             The game lasted 00:04:22 (686 turns).

manyhoops the Basher (Formicid Fighter)              Turns: 686, Time: 00:04:23

Health: -7/71      AC: 13    Str: 23    XL:     9   Next: 1%
Magic:  8/8        EV:  8    Int:  6    God:    Okawaru [......]
Gold:   12         SH:  5    Dex: 11    Spells: 8/8 levels left

rFire   + . .      SeeInvis +   d - +5 executioner's axe (venom)
rCold   . . .      Faith    .   c - +0 buckler
rNeg    . . .      Spirit   .   f - +3 chain mail {rF+}
rPois   .          Reflect  .   (helmet unavailable)
rElec   .          Harm     .   (no cloak)
rCorr   .          Rampage  .   (no gloves)
Will    .....                   (no boots)
Stlth   ..........              (no amulet)
HPRegen 1.01/turn               (no ring)
MPRegen 0.11/turn               (no ring)

@: mighty
A: permanent stasis, dig shafts and tunnels, antennae 3, four strong arms,
clumsy 1, dopey 1, low MP 1, regeneration 1, weak 1, noise suppression
a: Dig, Renounce Religion


You were in the Dungeon.
You worshipped Okawaru.
Okawaru was noncommittal.
You visited 1 branch You collected 729 gold pieces.
You spent 717 gold pieces at shops.

Inventory:

Hand Weapons
 d - a +5 executioner's axe of venom (weapon)
Armour
 b - a +0 scale mail
 c - a +0 buckler (worn)
 f - a +3 chain mail of fire resistance (worn)
Potions
 a - 2 potions of heal wounds
 e - a potion of curing
 g - 2 potions of magic


   Skills:
 - Level 6.7 Fighting
 + Level 8.2(12.4) Axes
 - Level 14.5(15.3) Maces & Flails
 - Level 6.4 Armour
 - Level 7.1 Shields


You had 8 spell levels left.
You didn't know any spells.
Your spell library was empty.

Dungeon Overview and Level Annotations

Branches:
Dungeon (1/1)

Altars:
Cheibriados
Dithmenos
Elyvilon
Fedhas
Gozag
Hepliaklqana
Kikubaaqudgha
Makhleb
Nemelex Xobeh
Okawaru
Qazlal
Ru
Sif Muna
Trog
Uskayaw
Vehumet
Wu Jian
Xom
Yredelemnul
Zin
The Shining One
Beogh
Jiyva
Lugonu

Shops:
D :[[:[!=?!!=[=((

Annotations:
D exclusion: oklob plant


Innate Abilities, Weirdness & Mutations

You cannot be hasted, slowed, berserked, paralysed or teleported.
You can dig through walls and to a lower floor.
You have a pair of large antennae on your head. (SInv)
Your four strong arms can wield two-handed weapons with a shield.
You are clumsy. (Dex -2)
You are dopey. (Int -2)
Your magical capacity is low. (-10% MP)
Your natural rate of healing is unusually fast.
You are weak. (Str -2)
You passively dampen the noise of your surroundings.


Message History

Increase (S)trength, (I)ntelligence, or (D)exterity?
You feel stronger. x2
You slice the polar bear!!
The polar bear looks as sick as possible!
The polar bear is severely wounded.
You slice the polar bear!!
The polar bear is poisoned.
You feel sick. The polar bear bites you!
The polar bear claws you but does no damage.
You block the polar bear's attack. The polar bear bites you!
The polar bear claws you. The polar bear barely misses you.
You are too injured to fight recklessly!
Unknown command.
Press < or > to pray at altars.
You are too injured to fight recklessly!
Unknown command.
Press < or > to pray at altars.
You feel much better.
You feel sick. You block the polar bear's attack.
The polar bear barely misses you. x2; The polar bear goes berserk!
You slash the polar bear!
The polar bear looks as sick as possible!
The polar bear is almost dead.
You hit the polar bear.
You feel sick.
You are no longer poisoned.
The polar bear completely misses you.
The polar bear claws you but does no damage. x2
The polar bear goes berserk!
The polar bear bites you!
The polar bear claws you but does no damage. x2
You hit the polar bear.
The polar bear is almost dead.
You barely miss the polar bear. The polar bear bites you!
The polar bear claws you but does no damage.
The polar bear closely misses you.
The polar bear bites you but does no damage.
You block the polar bear's attack.
The polar bear claws you but does no damage.
The polar bear bites you!
* * * LOW HITPOINT WARNING * * *
The polar bear claws you but does no damage. x2
The polar bear bites you!!
You die... . .. ...# { ...# B#B ###..## #..# .# [?? #+# #.##..# +..# .# [$= #.###.†#..#{ #^.# .# $)(?

.<.'##.'..### ..##.#▓!)[!
#.##.#.#....###...##▓▓▓▓▓
#'###.##.†....≈≈c≈≈≈≈≈≈≈≈
..#####≈≈.§...≈#h########
.##.#≈≈≈≈≈≈§..≈#@h_._...#
.#.##≈≈≈≈≈≈≈≈.≈#._._._._#
#'##≈≈≈≈≈§≈≈≈≈≈#_._._._.#
≈≈≈≈≈≈§≈≈§§§≈≈≈#._._._._#
'#'''#≈≈≈§≈§≈≈≈#.._._._.#
SS≈SS##≈≈§###≈≈#..._._._#
{S≈§§§##≈≈ #§≈#...._._.#
S§≈S≈§S'≈≈ #§§#....._..#
§≈≈§§≈##§ ≈≈≈######


You could see 2 polar bears and a yaktaur.

Vanquished Creatures
  A hornet (D)
  A polar bear (D)
  A flying skull (D)
  3 neqoxecs (D)
  Menkaure (D)
  4 necrophages (D)
  3 worms (D)
14 creatures vanquished.

Vanquished Creatures (others)
  A neqoxec (D)
  A water moccasin (D)
2 creatures vanquished.

Grand Total: 16 creatures vanquished

Notes
Turn   | Place    | Note
-------+----------+-------------------------------------------
     0 | D        | manyhoops the Formicid Fighter began the quest for the Orb.
     0 | D        | Reached XP level 1. HP: 18/18 MP: 1/1
     1 | D        | Noticed a boulder beetle
     1 | D        | Noticed a boulder beetle
     4 | D        | Noticed a necrophage
     4 | D        | Noticed a necrophage
     4 | D        | Noticed a necrophage
     4 | D        | Noticed a necrophage
    11 | D        | Killed a necrophage
    12 | D        | Reached skill level 7 in Maces & Flails
    12 | D        | Reached XP level 2. HP: 21/24 MP: 2/2
    12 | D        | Reached XP level 3. HP: 25/29 MP: 3/3
    12 | D        | Reached XP level 4. HP: 30/35 MP: 4/4
    14 | D        | Killed a necrophage
    15 | D        | Reached skill level 9 in Maces & Flails
    15 | D        | Reached XP level 5. HP: 36/41 MP: 5/5
    18 | D        | Reached skill level 11 in Maces & Flails
    18 | D        | Reached XP level 6. HP: 42/47 MP: 6/6
    23 | D        | Reached skill level 12 in Maces & Flails
    68 | D        | Noticed a neqoxec
    68 | D        | Noticed a neqoxec
    85 | D        | Gained mutation: Your magical capacity is low. (-10% MP) [a
                  | neqoxec]
    86 | D        | Killed a neqoxec
    87 | D        | Reached skill level 13 in Maces & Flails
    87 | D        | Reached XP level 7. HP: 42/52 MP: 6/6
    90 | D        | Gained mutation: You passively dampen the noise of your
                  | surroundings. [a neqoxec]
    91 | D        | Gained mutation: Your natural rate of healing is unusually
                  | fast. [a neqoxec]
    96 | D        | Gained mutation: You are weak. (Str -2) [a neqoxec]
   103 | D        | Gained mutation: You are clumsy. (Dex -2) [a neqoxec]
   106 | D        | Killed a neqoxec
   107 | D        | Reached skill level 14 in Maces & Flails
   191 | D        | Killed a neqoxec
   274 | D        | Found Awnaca's Jewellery Shoppe.
   274 | D        | Found Kenyuryc's Jewellery Shoppe.
   274 | D        | Found Qyhinateero's Jewellery Shoppe.
   274 | D        | Found Kokkuem's Distillery.
   274 | D        | Found Efaysull's Antique Weapon Shoppe.
   274 | D        | Found Jeangerch's Distillery.
   275 | D        | Found Weocap's Antique Weapon Emporium.
   275 | D        | Found Sualete's Distillery.
   275 | D        | Found Atujoety's Magic Scroll Emporium.
   276 | D        | Found Peile's Book Emporium.
   277 | D        | Found Sytras's Antique Armour Shoppe.
   277 | D        | Found Hemmoh's Antique Armour Emporium.
   278 | D        | Found Nuta's Antique Armour Shoppe.
   278 | D        | Found Upootraff's Antique Armour Emporium.
   278 | D        | Noticed a wyvern
   278 | D        | Noticed a wyvern
   279 | D        | Noticed Menkaure
   279 | D        | Noticed a wyvern
   279 | D        | Noticed an oklob plant
   280 | D        | Found Vaol Qos's Book Shoppe.
   280 | D        | Noticed a fire dragon
   296 | D        | Killed Menkaure
   297 | D        | Reached skill level 5 in Shields
   303 | D        | Noticed an iron elemental
   312 | D        | Bought a runed executioner's axe for 325 gold pieces
   316 | D        | Bought a potion of heal wounds for 50 gold pieces
   316 | D        | Bought a potion of heal wounds for 50 gold pieces
   326 | D        | Bought a shiny chain mail for 202 gold pieces
   328 | D        | Noticed a neqoxec
   341 | D        | Noticed a flying skull
   341 | D        | Gained mutation: You are dopey. (Int -2) [a neqoxec]
   344 | D        | Killed a neqoxec
   345 | D        | Reached skill level 5 in Fighting
   345 | D        | Reached skill level 5 in Armour
   345 | D        | Reached XP level 8. HP: 64/64 MP: 7/7
   346 | D        | Killed a flying skull
   351 | D        | Bought a potion of might for 40 gold pieces
   351 | D        | Bought a potion of heal wounds for 50 gold pieces
   597 | D        | Found an iron altar of Okawaru.
   597 | D        | Found an opulent altar of Gozag.
   600 | D        | Found a sparkling altar of Nemelex Xobeh.
   600 | D        | Found a blossoming altar of Fedhas.
   601 | D        | Found a radiant altar of Vehumet.
   601 | D        | Found a burning altar of Makhleb.
   601 | D        | Found a white marble altar of Elyvilon.
   602 | D        | Found a hide-covered altar of Uskayaw.
   602 | D        | Found a corrupted altar of Lugonu.
   602 | D        | Found a shadowy altar of Dithmenos.
   605 | D        | Found a bloodstained altar of Trog.
   605 | D        | Found a glowing silver altar of Zin.
   605 | D        | Found an ancient bone altar of Kikubaaqudgha.
   605 | D        | Found a snail-covered altar of Cheibriados.
   605 | D        | Noticed a polar bear
   621 | D        | Killed a polar bear
   622 | D        | Reached skill level 5 in Axes
   668 | D        | Found a basalt altar of Yredelemnul.
   668 | D        | Found a shimmering blue altar of Sif Muna.
   668 | D        | Found a viscous altar of Jiyva.
   669 | D        | Found a shimmering altar of Xom.
   669 | D        | Found a sacrificial altar of Ru.
   671 | D        | Found a glowing golden altar of the Shining One.
   671 | D        | Found an ornate altar of the Wu Jian Council.
   671 | D        | Found a stormy altar of Qazlal.
   671 | D        | Found a hazy altar of Hepliaklqana.
   671 | D        | Noticed a hornet
   671 | D        | Noticed a polar bear
   672 | D        | Noticed a yaktaur
   672 | D        | Noticed a polar bear
   675 | D        | Became a worshipper of Warmaster Okawaru
   682 | D        | Killed a hornet
   683 | D        | Reached XP level 9. HP: 57/71 MP: 8/8
   686 | D        | Mangled by a polar bear

Illustrated notes

Levels and vault maps discovered:
D:        the_violet_keep_of_menkaure [sprint2_stairs_cluster_1,
          sprint2_shoproom, sprint2_temple, sprint2_basic_supplies,
          sprint2_obstacle_7, sprint2_obstacle_6, sprint2_obstacle_1,
          sprint2_obstacle_4, sprint2_obstacle_2, sprint2_timed_cluster_1,
          sprint2_smallroom_cluster_1, sprint2_smallroom_final_cluster_1,
          sprint2_transparent_cluster_1, sprint2_second_timed_cluster_1,
          sprint2_sniper_area_1, sprint2_heavy_combat_area_1,
          sprint2_mutation_trap_area_1, sprint2_forest_area_1,
          sprint2_light_combat_area_1, sprint2_behind_water_1,
          sprint2_near_end_vault_1]

Skill      XL: |  1  2  3  4  5  6  7  8 |
---------------+-------------------------+-----
Maces & Flails | 7 9 11 13 14 | 14.5
Fighting       | 5 6 |  6.7
Armour         | 5 6 |  6.4
Shields        | 6 7 |  7.1
Axes           | 8 |  8.2

Action                   |  1- 3 |  4- 6 |  7- 9 || total
-------------------------+-------+-------+-------++-------
Melee: War axe           |     6 |    28 |    29 ||    63
       Executioner's axe |       |       |    23 ||    23
  Use: Potion            |     1 |       |     3 ||     4
Armor: Scale mail        |     4 |     9 |     2 ||    15
       Chain mail        |       |       |    23 ||    23
Dodge: Dodged            |     2 |    10 |    19 ||    31
Block: Buckler           |       |     3 |     7 ||    10

Table legend: (Time is in decaauts)
 A = Elapsed time spent in this place.
 B = Non-inter-level travel time spent in this place.
 C = Inter-level travel time spent in this place.
 D = Time resting spent in this place.
 E = Time spent auto-exploring this place.
 F = Levels seen in this place.
 G = Mean time per level.
                   A        B        C        D        E       F      G
               +--------+--------+--------+--------+--------+-----+--------+
         Total |    706 |    706 |      0 |    386 |      0 |   1 |  706.0 |
       Dungeon |    706 |    706 |      0 |    386 |      0 |   1 |  706.0 |
               +--------+--------+--------+--------+--------+-----+--------+

Top non-repeatable levels by time:
       D: 706 daAuts
